 Dungeon Crawl Stone Soup version 0.31-a0-435-g2c6fae2916 (webtiles) character file.

Game seed: 14293143371085570417

232 Ethylacetat the Insei (level 6, -3/33 HPs)
             Began as a Vine Stalker Monk on Aug 1, 2023.
             Slain by a gnoll
             ... wielding a +0 flail
              (7 damage)
             ... on level 4 of the Dungeon.
             The game lasted 00:03:22 (2331 turns).

Ethylacetat the Insei (Vine Stalker Monk)           Turns: 2331, Time: 00:03:23

Health: -3/33      AC:  7    Str: 13    XL:     6   Next: 4%
Magic:  0/10       EV: 11    Int: 10    God:
Gold:   192        SH:  0    Dex: 19    Spells: 9/9 levels left

rFire   + .          .
                       - Unarmed
rCold   + . .        c - orb {light}
rNeg    + . .        q - +2 ring mail {rN+}
rPois   .            (no helmet)
rElec   .            s - scarf {rC+ rF+}
rCorr   .            (no gloves)
SInv    .            (no boots)
Will    .....        (no amulet)
Stlth   +            (no ring)
HPRegen 1.05/turn    (no ring)
MPRegen 0.12/turn

%: guardian spirit
@: glowing
A: fangs 2, regeneration 1, magic shield, antimagic bite, no potion heal 2
a: no special abilities


You were on level 4 of the Dungeon.
You visited 1 branch of the dungeon, and saw 4 of its levels.

You collected 192 gold pieces.

Inventory:

Armour
 c - an orb of light (worn)
 q - a +2 ring mail of positive energy (worn)
 s - a scarf of resistance (worn)
Jewellery
 a - an amulet of magic regeneration
Scrolls
 e - a scroll of blinking {unknown}
 g - a scroll of identify {unknown}
 i - 2 scrolls of noise {unknown}
 j - a scroll of fog {unknown}
 k - a scroll of revelation {unknown}
 m - a scroll of amnesia {unknown}
 n - a scroll of enchant weapon {unknown}
 o - a scroll of vulnerability {unknown}
Potions
 b - a potion of degeneration {unknown}
 d - 2 potions of heal wounds {unknown}
 f - a potion of haste {unknown}
 h - 3 potions of curing {unknown}
 l - a potion of magic {unknown}
 p - a potion of might {unknown}
 r - 2 potions of attraction {unknown}


   Skills:
 * Level 4.2 Fighting
 - Level 2.6 Dodging
 * Level 4.6 Unarmed Combat
 + Level 2.0 Spellcasting


You had 9 spell levels left.
You didn't know any spells.
Your spell library contained the following spells:

 Spells                   Type           Power      Damage    Failure   Level
 Summon Small Mammal      Summ           4%         N/A       56%         1
 Call Canine Familiar     Summ           1%         N/A       90%         3
 Summon Guardian Golem    Hex/Summ       1%         N/A       90%         3


Dungeon Overview and Level Annotations

Branches:
Dungeon (4/15)
 Temple: D:4-7

Altars:
Ashenzari

Shops:
D:3 =


Innate Abilities, Weirdness & Mutations

You have extremely sharp teeth.
Your natural rate of healing is unusually fast.
When hurt, damage is shared between your health and your magic reserves.
Your bite disrupts and absorbs the magic of your enemies.
Potions cannot restore your health.


Message History

The gnoll hits you but does no damage. The gnoll barely misses you.
You are too injured to fight recklessly!
Okay, then.
You hit the gnoll but do no damage.
The gnoll is moderately wounded.
The gnoll hits you with a +0 whip. The giant cockroach closely misses you.
The gnoll closely misses you.
You hit the gnoll. You bite the gnoll. You drain its power.
You feel invigorated.
The gnoll is severely wounded.
The giant cockroach closely misses you. The gnoll misses you. x2
The giant cockroach closely misses you. The gnoll closely misses you.
The gnoll hits you with a +0 whip.
You hit the gnoll.
The gnoll is almost dead.
The giant cockroach misses you. The gnoll hits you with a +0 whip.
The gnoll hits you from afar with a +0 halberd!
* * * LOW HITPOINT WARNING * * *
Unknown command.
You punch the gnoll!
You kill the gnoll!
The giant cockroach bites you but does no damage.
The gnoll hits you from afar with a +0 halberd.
* * * LOW HITPOINT WARNING * * *
The giant cockroach bites you but does no damage.
You have reached level 6!
You hit the giant cockroach.
You kill the giant cockroach!
The gnoll misses you. The gnoll barely misses you.
You hit the gnoll.
The gnoll is heavily wounded.
The gnoll hits you but does no damage. The gnoll hits you with a +0 flail.
* * * LOW HITPOINT WARNING * * *
You hit the gnoll. Your bite misses the gnoll.
The gnoll is severely wounded.
You feel yourself speed up.
The gnoll hits you from afar with a +0 halberd.
* * * LOW HITPOINT WARNING * * *
The gnoll hits you but does no damage. The gnoll hits you with a +0 flail!
You die...

....... ...##....
#....## #..........
##...#.
#..........##......
................#.
..........#....##.
##g........##.#.##.
#)(##..............
#g@#.......†......#
#......##...##.....
#.......#.....#....
###...........##.#.
#...#.....#######
##.##....##
####...## ##...##
#....#


You could see 2 gnolls.

Vanquished Creatures
  Natasha (twice) (D:4)
  An iguana (D:4)
  2 gnolls (D:4)
  6 adders
  2 worms
  4 dart slugs
  3 orcs (D:3)
  9 endoplasms
  2 giant cockroaches
  A goblin (D:2)
  6 hobgoblins
  4 jackals (D:2)
  7 kobolds
  3 quokkas
  6 ball pythons
  5 bats
  3 frilled lizards (D:1)
  7 rats
73 creatures vanquished.

Notes
Turn   | Place    | Note
-------+----------+-------------------------------------------
     0 | D:1      | Ethylacetat the Vine Stalker Monk began the quest for the
                  | Orb.
     0 | D:1      | Reached XP level 1. HP: 11/11 MP: 2/2
   188 | D:1      | Reached XP level 2. HP: 7/16 MP: 3/3
   570 | D:1      | Found a faded altar of an unknown god.
   630 | D:2      | Reached XP level 3. HP: 15/20 MP: 4/4
  1017 | D:2      | Reached skill level 1 in Spellcasting
  1017 | D:2      | Gained mutation: Your natural rate of healing is unusually
                  | fast. [Vine Stalker growth]
  1017 | D:2      | Reached XP level 4. HP: 24/24 MP: 6/6
  1500 | D:3      | Found Jousuanaiw's Jewellery Shoppe.
  1922 | D:3      | Found a broken altar of Ashenzari.
  2059 | D:3      | Reached XP level 5. HP: 29/29 MP: 8/8
  2221 | D:4      | Noticed Natasha
  2227 | D:4      | Killed Natasha
  2313 | D:4      | Noticed Natasha
  2320 | D:4      | Killed Natasha
  2329 | D:4      | Reached XP level 6. HP: 4/33 MP: 2/10
  2331 | D:4      | Slain by a gnoll

Illustrated notes

Levels and vault maps discovered:
D:1:      zelgadis_glass_arrival_small, layout_basic, basic_ecumenical_altar,
          hangedman_decor_diamond_cutter
D:2:      layout_basic, minmay_pentomino_q2
D:3:      kennysheep_six_static_rooms, layout_basic,
          nicolae_overflow_crystal_walls, serial_rivers,
          chequers_serial_rivers_large_b, chequers_serial_rivers_micro_c,
          chequers_serial_rivers_micro_b, chequers_serial_rivers_small_a,
          chequers_serial_rivers_micro_b, serial_shops, shop
D:4:      layout_cave_pools, uniq_natasha

Skill      XL: |  1  2  3  4  5 |
---------------+----------------+-----
Fighting       | 3 4 |  4.2
Spellcasting   | 1 2 |  2.0
Unarmed Combat | 4 |  4.6
Dodging        | |  2.6

Action                     |  1- 3 |  4- 6 || total
---------------------------+-------+-------++-------
  Melee: Unarmed           |    88 |   103 ||   191
         Bite              |    27 |    31 ||    58
   Stab: Sleeping          |     1 |       ||     1
 Armour: Robe              |     9 |     4 ||    13
         Ring mail         |       |    13 ||    13
  Dodge: Dodged            |    61 |    70 ||   131

Table legend: (Time is in decaauts)
 A = Elapsed time spent in this place.
 B = Non-inter-level travel time spent in this place.
 C = Inter-level travel time spent in this place.
 D = Time resting spent in this place.
 E = Time spent auto-exploring this place.
 F = Levels seen in this place.
 G = Mean time per level.
                   A        B        C        D        E       F      G
               +--------+--------+--------+--------+--------+-----+--------+
         Total |   2373 |   2256 |    117 |      0 |   1866 |   4 |  593.2 |
       Dungeon |   2373 |   2256 |    117 |      0 |   1866 |   4 |  593.2 |
               +--------+--------+--------+--------+--------+-----+--------+

Top non-repeatable levels by time:
     D:3: 824 daAuts
     D:2: 813 daAuts
     D:1: 622 daAuts
     D:4: 112 daAuts
